 Dungeon Crawl Stone Soup version 0.24-a0-585-g5c5dc1b5cb (webtiles) character file.

Game seed: 16967301697402328397, levelgen mode: deterministic

4877 E1999 the Protected (level 10, -1/50 HPs)
             Began as a Gargoyle Gladiator on Sept 7, 2019.
             Was a Follower of Hepliaklqana.
             Slain by a queen bee (9 damage)
             ... on level 7 of the Dungeon.
             The game lasted 00:35:12 (6761 turns).

E1999 the Protected (Gargoyle Gladiator)            Turns: 6761, Time: 00:35:13

Health: -1/50      AC: 25    Str: 19    XL:     10   Next: 50%
Magic:  10/10      EV:  8    Int:  9    God:    Hepliaklqana [*.....]
Gold:   306        SH:  0    Dex: 13    Spells: 9/9 levels left

rFire    . . .     SeeInvis .   u - +0 halberd
rCold    + . .     Gourm    .   (shield currently unavailable)
rNeg     + . .     Faith    .   s - +0 plate armour
rPois    ∞         Spirit   .   o - +1 helmet
rElec    +         Reflect  .   (no cloak)
rCorr    .         Harm     .   (no gloves)
MR       .....                  (no boots)
Stlth    ..........             a - amulet of the acrobat
HPRegen  0.16/turn              i - ring of protection from cold
MPRegen  0.12/turn              (no ring)

@: flying
A: reduced essence, big wings, mutation resistance 1, negative energy resistance
1, electricity resistance, unbreathing, petrification resistance, rot immunity,
AC +7
a: Stop Flying, Recall Ancestor, Ancestor Identity, Renounce Religion


You were on level 7 of the Dungeon.
You worshipped Hepliaklqana.
Hepliaklqana was aware of your devotion.
You were not hungry.

You visited 2 branches of the dungeon, and saw 8 of its levels.

You collected 306 gold pieces.

Inventory:

Hand Weapons
 u - a +0 halberd (weapon)
 v - a +2 flail of protection
 A - a +2 dagger of chaos
 B - a +1 whip of freezing
Missiles
 d - 5 throwing nets (quivered)
 k - 19 poisoned darts
Armour
 o - a +1 helmet (worn)
 s - a +0 plate armour (worn)
 C - a +2 robe of fire resistance
Jewellery
 a - an amulet of the acrobat (around neck)
 i - a ring of protection from cold (left hand)
 H - an uncursed amulet of faith
Wands
 w - a wand of flame (10)
 G - a wand of iceblast (4)
 J - a wand of acid (2)
Scrolls
 e - 3 scrolls of enchant armour
 g - a scroll of blinking {unknown}
 l - 3 scrolls of enchant weapon
 m - a scroll of identify
 n - 4 scrolls of teleportation
 p - 2 scrolls of amnesia
 y - a scroll of random uselessness
Potions
 c - 3 potions of flight {unknown}
 j - a potion of ambrosia
 q - 3 potions of agility
 r - a potion of invisibility
 t - 2 potions of mutation
 D - 3 potions of lignification {unknown}
 E - 2 potions of haste
 F - 2 potions of brilliance
Comestibles
 f - 14 rations


   Skills:
 - Level 3.4 Fighting
 * Level 8.5(8.8) Polearms
   Level 3.7(7.0) Staves
 - Level 1.8 Throwing
 - Level 12.0 Armour
 - Level 3.0 Dodging
 + Level 0.4 Evocations


You had 9 spell levels left.
You didn't know any spells.
Your spell library contained the following spells:

 Spells                   Type           Power        Failure   Level  Hunger
 Freeze                   Ice            #...         100%        1    ##.....
 Throw Frost              Conj/Ice       #.....       100%        2    ###....
 Ozocubu's Armour         Chrm/Ice       #.......     100%        3    ####...
 Summon Ice Beast         Ice/Summ       #.......     100%        4    #####..
 Throw Icicle             Conj/Ice       #.......     100%        4    #####..


Dungeon Overview and Level Annotations

Branches:
Dungeon (7/15)             Temple (1/1) D:6

Altars:
Ashenzari
Cheibriados
Dithmenos
Elyvilon
Fedhas
Gozag
Hepliaklqana
Makhleb
Nemelex Xobeh
Okawaru
Qazlal
Ru
Sif Muna
Trog
Uskayaw
Vehumet
Wu Jian
Xom
Yredelemnul
Zin
The Shining One

Shops:
D:7 =[%

Annotations:
D:7 1 transporter


Innate Abilities, Weirdness & Mutations

You are resistant to torment.
Your stone body is resilient. (AC +7)
You are immune to poison.
You resist negative energy. (rN+)
You are resistant to electric shocks. (rElec)
You can survive without breathing.
You are immune to petrification.
You are immune to rotting.
Your life essence is reduced to manifest your ancestor. (-10% HP)
Your large and strong wings let you fly indefinitely.
You are somewhat resistant to further mutation.


Message History

The killer bee stings you but does no damage. x2
You closely miss the killer bee.
The killer bee is lightly wounded.
The killer bee closely misses you. The killer bee barely misses you.
The queen bee calls on the killer bee to defend it!
The killer bee goes berserk!
You barely miss the killer bee.
The killer bee is lightly wounded.
The killer bee completely misses you. The killer bee stings you.
* * * LOW HITPOINT WARNING * * *
The killer bee stings you but does no damage.
You barely miss the queen bee. The killer bee closely misses you.
You puncture the queen bee!
The queen bee is moderately wounded.
The killer bee stings you!
* * * LOW HITPOINT WARNING * * *
The killer bee barely misses you.
The killer bee stings you but does no damage.
The queen bee stings you!
You die...

#.#>....# #.....## ##.#
#.....#.# ###.##.## ##.####
#.#.#.#.# #.###.###.....#
..#.....# #......#R####.#
###.#.#.# ####..#.## ..#
#.....# #######.##### ##.#
#####.#####... ...©.....
.#.## ..# #.......# #######
...# ..# #..##..#####@§§..###
...# ..#
#.....###.§y#y§.#...# #..#
..#
##.#..##..#§§###..#..##..#
..# #....###.%.#. #.# ###..#
..# ###...#####.! ### #...#
..## #..###...# .#.#.###.##
#..#####..##..#..###..#..##.#
##†.≈.....###.#.#...#..y###.#
#.≈≈≈.....#####[$yy.#####..#


You could see a queen bee and a killer bee (berserk).

Vanquished Creatures
  The ghost of P0WERM0DE the Skirmisher, a novice GrFi of Okawaru (D:7)
  Pikel (D:5)
  A hornet (D:7)
  Sigmund (D:6)
  6 yaks
  A sky beast (D:5)
  An ice beast (D:7)
  A black bear (D:6)
  2 necrophages (D:7)
  2 ogres
  2 centaurs (D:7)
  A wyvern zombie (D:7)
  Blork the orc (D:5)
  A bullfrog (D:7)
  4 wights (D:7)
  5 killer bees (D:7)
  2 howler monkeys
  2 bullfrog zombies
  5 crimson imps
  A centaur zombie (D:6)
  4 hounds
  A jelly (D:3)
  An iguana (D:7)
  A worker ant (D:4)
  A mummy (D:7)
  6 gnolls
  3 adders
  A white imp (D:5)
  2 oozes
  An adder skeleton (D:6)
  3 worms
  A dart slug (D:2)
  6 leopard geckos
  6 orcs
  2 ball pythons
  4 giant cockroaches
  2 goblins
  3 hobgoblins
  4 jackals (D:1)
  11 kobolds
  5 quokkas
  12 bats
  5 frilled lizards
  A giant cockroach zombie (D:5)
  2 quokka skeletons
  7 rats
  A spectral orc (D:2)
137 creatures vanquished.

Vanquished Creatures (collateral kills)
  Prince Ribbit (D:7)
  Edmund (D:6)
  A sky beast (D:7)
  A centaur (D:6)
  2 killer bees (D:7)
  A worker ant (D:7)
  An adder (D:7)
8 creatures vanquished.

Vanquished Creatures (others)
  A slave (D:5)
  4 ancestors (D:7)
  A shadow imp (D:5)
  An adder skeleton (D:5)
  5 orcs (D:5)
  A giant cockroach (D:5)
  2 leopard gecko skeletons (D:5)
  A withered plant (D:7)
16 creatures vanquished.

Grand Total: 161 creatures vanquished

Notes
Turn   | Place    | Note
-------+----------+-------------------------------------------
     0 | D:1      | E1999 the Gargoyle Gladiator began the quest for the Orb.
     0 | D:1      | Reached XP level 1. HP: 12/12 MP: 1/1
   111 | D:1      | Reached XP level 2. HP: 17/18 MP: 2/2
   291 | D:1      | Reached XP level 3. HP: 16/22 MP: 3/3
   630 | D:2      | Reached skill level 3 in Dodging
   658 | D:2      | Reached skill level 3 in Fighting
   816 | D:2      | Reached XP level 4. HP: 28/28 MP: 4/4
   893 | D:2      | Reached skill level 1 in Armour
  1039 | D:2      | Found a basalt altar of Yredelemnul.
  1325 | D:3      | Reached skill level 1 in Polearms
  1325 | D:3      | Reached skill level 2 in Armour
  1325 | D:3      | Reached XP level 5. HP: 27/32 MP: 5/5
  2127 | D:4      | Reached skill level 2 in Polearms
  2185 | D:4      | Reached XP level 6. HP: 35/37 MP: 6/6
  2296 | D:4      | Reached skill level 3 in Polearms
  2316 | D:4      | Found a shimmering altar of Xom.
  2455 | D:4      | Reached skill level 3 in Armour
  2859 | D:5      | Entered Level 5 of the Dungeon
  2881 | D:5      | Noticed a slave
  2888 | D:5      | Noticed Pikel
  2897 | D:5      | Reached skill level 4 in Polearms
  2897 | D:5      | Reached XP level 7. HP: 34/41 MP: 7/7
  2940 | D:5      | Killed Pikel
  2940 | D:5      | Reached skill level 5 in Polearms
  2940 | D:5      | Reached skill level 4 in Armour
  2940 | D:5      | Reached XP level 8. HP: 14/46 MP: 8/8
  3190 | D:5      | Reached skill level 6 in Polearms
  3498 | D:5      | Noticed Blork the orc
  3523 | D:5      | Killed Blork the orc
  3523 | D:5      | Reached skill level 5 in Armour
  4009 | D:6      | Noticed a yak
  4009 | D:6      | Noticed a yak
  4009 | D:6      | Noticed a yak
  4009 | D:6      | Noticed a yak
  4009 | D:6      | Noticed a yak
  4009 | D:6      | Noticed a yak
  4020 | D:5      | Killed a yak
  4027 | D:5      | Gained mutation: Armour fits poorly on your strangely
                  | shaped body. [potion of mutation]
  4027 | D:5      | Gained mutation: Your spells are a little harder to cast,
                  | but a little more powerful. [potion of mutation]
  4028 | D:5      | Lost mutation: Armour fits poorly on your strangely shaped
                  | body. [potion of mutation]
  4028 | D:5      | Lost mutation: Your spells are a little harder to cast, but
                  | a little more powerful. [potion of mutation]
  4028 | D:5      | Gained mutation: You are somewhat resistant to further
                  | mutation. [potion of mutation]
  4028 | D:5      | Gained mutation: Your large and strong wings let you fly
                  | indefinitely. [potion of mutation]
  4260 | D:5      | Killed a yak
  4260 | D:5      | Reached skill level 7 in Polearms
  4273 | D:5      | Killed a yak
  4273 | D:5      | Reached skill level 6 in Armour
  4495 | D:6      | Killed a yak
  4495 | D:6      | Reached skill level 7 in Armour
  4495 | D:6      | Reached XP level 9. HP: 38/51 MP: 9/9
  4523 | D:6      | Reached skill level 8 in Armour
  4724 | D:6      | Noticed Sigmund
  4736 | D:6      | Killed Sigmund
  4859 | D:6      | Found a staircase to the Ecumenical Temple.
  4868 | Temple   | Entered the Ecumenical Temple
  5009 | Temple   | Became a worshipper of Hepliaklqana the Forgotten
  5187 | D:6      | Reached skill level 9 in Armour
  5236 | D:6      | Noticed Edmund
  5255 | D:6      | Killed Edmund
  5749 | D:7      | Noticed Prince Ribbit
  5761 | D:7      | Reached skill level 10 in Armour
  6054 | D:7      | Found Nosemp's Armour Shop.
  6096 | D:7      | Reached skill level 11 in Armour
  6183 | D:7      | Found Dotydour's Food Boutique.
  6204 | D:7      | Noticed a queen bee
  6220 | D:7      | Reached * piety under Hepliaklqana
  6236 | D:7      | Reached XP level 10. HP: 50/50 MP: 10/10
  6248 | D:7      | Found Dumac's Jewellery Shoppe.
  6317 | D:7      | Killed Prince Ribbit
  6383 | D:7      | Found a snail-covered altar of Cheibriados.
  6462 | D:7      | Found an iron altar of Okawaru.
  6464 | D:7      | Found a bloodstained altar of Trog.
  6467 | D:7      | Found a stormy altar of Qazlal.
  6468 | D:7      | Found a glowing golden altar of the Shining One.
  6468 | D:7      | Found a shimmering altar of Xom.
  6468 | D:7      | Found a burning altar of Makhleb.
  6468 | D:7      | Found a sparkling altar of Nemelex Xobeh.
  6468 | D:7      | Found a glowing silver altar of Zin.
  6470 | D:7      | Found a blossoming altar of Fedhas.
  6472 | D:7      | Found a shattered altar of Ashenzari.
  6574 | D:7      | Reached skill level 12 in Armour
  6648 | D:7      | Found a transporter.
  6652 | D:7      | Found a transporter.
  6668 | D:7      | Noticed P0WERM0DE's ghost (novice GrFi)
  6723 | D:7      | Killed P0WERM0DE's ghost
  6723 | D:7      | Reached skill level 8 in Polearms
  6761 | D:7      | Slain by a queen bee

Levels and vault maps discovered:
D:1:      lemuel_arrival_lava_pool, layout_rooms
D:2:      layout_basic, yredelemnul_forgotten_temple_becter
D:3:      layout_loops_corners, first_ration, kennysheep_generic_room_11
D:4:      layout_basic, minivault_19, serial_park_tiny_pond, led_xom_imps
D:5:      layout_basic, minmay_fire_ice_demons, uniq_blork_the_orc, uniq_pikel
D:6:      layout_loops_corners, temple_doors_cd, uniq_edmund,
          uniq_crazy_yiuf_cottage, uniq_sigmund
D:7:      layout_loops_cross, minitemple, serial_undead, serial_undead_c,
          serial_undead_f, serial_undead_b, serial_undead_e, serial_shops,
          shop_fountains, shop, shop, gammafunk_ghost_hive, grunt_ogre_cave,
          uniq_prince_ribbit1
Temple:   nicolae_temple_figure_zero

Skill      XL: |  1  2  3  4  5  6  7  8  9 10 |
---------------+-------------------------------+-----
Dodging        | 3 |  3.0
Fighting       | 3 |  3.4
Armour         | 2 3 4 7 11 12 | 12.0
Polearms       | 1 2 4 5 7 8 |  8.5
Staves         | |  3.7
Throwing       | |  1.8
Evocations     | |  0.4

Action                   |  1- 3 |  4- 6 |  7- 9 | 10-12 || total
-------------------------+-------+-------+-------+-------++-------
Melee: Quarterstaff      |    96 |    14 |       |       ||   110
       Halberd           |       |   160 |   469 |   159 ||   788
Invok: Ancestor Identity |       |       |     1 |       ||     1
 Abil: Fly               |       |       |     2 |       ||     2
       Stop Flying       |       |       |     1 |       ||     1
Evoke: Wand              |       |       |       |     7 ||     7
  Use: Scroll            |       |     5 |     9 |     2 ||    16
       Potion            |       |       |     7 |     2 ||     9
 Stab: Invisible         |       |       |     1 |       ||     1
       Distracted        |       |       |       |     1 ||     1
  Eat: Ration            |       |     1 |     3 |       ||     4
       Chunk             |       |     3 |     2 |     2 ||     7
Armor: Leather armour    |    54 |       |       |       ||    54
       Plate armour      |     4 |   104 |   357 |   140 ||   605
Dodge: Dodged            |    82 |    78 |   162 |    56 ||   378

Table legend:
 A = Non-vault XP
 B = Vault XP
 C = Vault XP percentage of total XP
 D = Non-vault monster count
 E = Vault monster count
 F = Vault count percentage of total count
                 A         B        C        D         E       F
            +---------+---------+-------+---------+---------+-------
      Total |    3597 |    3371 |  48.4 |     120 |      25 |  17.2
            +---------+---------+-------+---------+---------+-------
        D:1 |      38 |       0 |   0.0 |      20 |       0 |   0.0
        D:2 |      88 |       1 |   1.1 |      22 |       1 |   4.3
        D:3 |     130 |       3 |   2.3 |      21 |       2 |   8.7
        D:4 |     105 |     146 |  58.2 |       8 |       3 |  27.3
        D:5 |     918 |     802 |  46.6 |      12 |       4 |  25.0
        D:6 |    1041 |     378 |  26.6 |      12 |       2 |  14.3
        D:7 |    1277 |    2041 |  61.5 |      25 |      13 |  34.2
            +---------+---------+-------+---------+---------+-------
